 Dungeon Crawl Stone Soup version 0.25-a0-496-g8c4878dea3 (webtiles) character file.

Game seed: 2542021130508645555, levelgen mode: deterministic

718 Kohma the Shield-Bearer (level 7, -3/66 HPs)
             Began as a Gargoyle Fighter on Feb 12, 2020.
             Was an Initiate of Okawaru.
             Slain by an ogre
             ... wielding a +0 giant spiked club
              (5 damage)
             ... on level 5 of the Dungeon.
             The game lasted 00:10:00 (4332 turns).

Kohma the Shield-Bearer (Gargoyle Fighter)          Turns: 4332, Time: 00:10:01

Health: -3/66      AC: 23    Str: 22    XL:     7   Next: 70%
Magic:  7/7        EV:  2    Int:  8    God:    Okawaru [......]
Gold:   227        SH: 10    Dex:  9    Spells: 6/6 levels left

rFire    . . .     SeeInvis .   a - +0 long sword
rCold    . . .     Gourm    .   c - +0 kite shield
rNeg     + + +     Faith    .   (armour currently unavailable)
rPois    ∞         Spirit   .   (helmet currently unavailable)
rElec    .         Reflect  .   (cloak currently unavailable)
rCorr    .         Harm     .   (gloves currently unavailable)
MR       .....     NoTele   +   (boots currently unavailable)
Stlth    +.........             (no amulet)
HPRegen  0.21/turn              (no ring)
MPRegen  0.10/turn              (no ring)

@: tree-form
A: negative energy resistance 1, petrification resistance, rot immunity, AC +4
a: Renounce Religion


You were on level 5 of the Dungeon.
You worshipped Okawaru.
Okawaru was noncommittal.
You were hungry.
You were a tree.
You visited 2 branches of the dungeon, and saw 6 of its levels.

You collected 227 gold pieces.

Inventory:

Hand Weapons
 a - a +0 long sword (weapon)
 g - a +0 dagger of venom
Missiles
 i - 29 poisoned darts
 k - 10 curare-tipped darts (quivered)
Armour
 b - a +0 scale mail (melded)
 c - a +0 kite shield (worn)
Jewellery
 l - an uncursed amulet of faith {unknown}
Scrolls
 e - 3 scrolls of teleportation
 o - a scroll of enchant weapon
 p - a scroll of remove curse
Potions
 d - 2 potions of might
 m - a potion of flight
 n - 4 potions of curing
Comestibles
 f - 6 rations


   Skills:
 + Level 4.8 Fighting
 * Level 4.6 Long Blades
 + Level 4.9 Armour
 * Level 6.2 Shields


You had 6 spell levels left.
You didn't know any spells.
Your spell library was empty.

Dungeon Overview and Level Annotations

Branches:
Dungeon (5/15)             Temple (1/1) D:4

Altars:
Ashenzari
Cheibriados
Dithmenos
Elyvilon
Fedhas
Gozag
Hepliaklqana
Kikubaaqudgha
Makhleb
Nemelex Xobeh
Okawaru
Qazlal
Ru
Sif Muna
Trog
Vehumet
Xom
Yredelemnul
Zin
The Shining One

Annotations:
D:4 2 runed translucent doors, walterwhite's ghost, novice KoHu


Innate Abilities, Weirdness & Mutations

You are resistant to torment.
((Your stone body is resilient. (AC +4)))
You are immune to poison.
You resist negative energy. (rN+)
((You are resistant to electric shocks. (rElec)))
((You can survive without breathing.))
You are immune to petrification.
You are immune to rotting.


Message History

You destroy the hound zombie!
Okawaru accepts your kill.
The ogre hits you with a +0 giant spiked club!!
* * * LOW HITPOINT WARNING * * *
You hit the ogre.
The ogre is lightly wounded.
The ogre hits you with a +0 giant spiked club!
* * * LOW HITPOINT WARNING * * *
Really quaff the potion of lignification? [Y]es or [N]o only, please.
Really quaff the potion of lignification?
You turn into a tree.
Your +0 scale mail melds into your body.
Your roots penetrate the ground.
The ogre hits you with a +0 giant spiked club.
* * * LOW HITPOINT WARNING * * *
You hit the ogre.
The ogre is moderately wounded.
The ogre hits you with a +0 giant spiked club.
You die...

####..#.###
#.........### ..
#............ .#
#.........## .#
#.........# .#
######..### .# #
#..# .#.#.#.
#.>####+#O......
#.......♣.#
#.........#
#§§.......#
#§§.§.....#
#§...(....#
#.§.......#
#.........#
#...........
#######+####


You could see an ogre.

Vanquished Creatures
  Grinder (D:3)
  A water moccasin (D:5)
  3 orc wizards (D:3)
  2 iguanas (D:4)
  A worker ant (D:4)
  A hound zombie (D:5)
  10 adders
  A river rat (D:3)
  A shadow imp (D:4)
  5 worms
  6 dart slugs
  4 leopard geckos
  15 orcs
  3 ball pythons (D:3)
  12 bats
  10 giant cockroaches
  3 goblins
  7 hobgoblins
  4 jackals (D:2)
  4 kobolds
  2 quokkas
  9 frilled lizards
  A quokka skeleton (D:5)
  17 rats
123 creatures vanquished.

Notes
Turn   | Place    | Note
-------+----------+-------------------------------------------
     0 | D:1      | Kohma the Gargoyle Fighter began the quest for the Orb.
     0 | D:1      | Reached XP level 1. HP: 14/14 MP: 1/1
    20 | D:1      | Reached XP level 2. HP: 18/19 MP: 2/2
   425 | D:1      | Reached XP level 3. HP: 23/23 MP: 3/3
   841 | D:2      | Reached skill level 4 in Shields
   885 | D:2      | Reached XP level 4. HP: 25/28 MP: 4/4
  1867 | D:3      | Noticed Grinder
  1871 | D:3      | Paralysed by Grinder for 2 turns
  1885 | D:3      | Paralysed by Grinder for 5 turns
  1902 | D:2      | Reached XP level 5. HP: 6/33 MP: 5/5
  2165 | D:3      | Killed Grinder
  2165 | D:3      | Reached skill level 5 in Shields
  2165 | D:3      | Reached XP level 6. HP: 30/38 MP: 6/6
  2194 | D:3      | You fall into a shaft and drop 1 floor!
  2221 | D:4      | Found a runed translucent door.
  2238 | D:4      | Noticed walterwhite's ghost (novice KoHu)
  2267 | D:4      | Found a runed translucent door.
  2360 | D:3      | Found a glowing drain.
  2636 | D:3      | Found a sacrificial altar of Ru.
  2752 | D:3      | Reached XP level 7. HP: 27/44 MP: 7/7
  2847 | D:4      | Found a staircase to the Ecumenical Temple.
  2853 | Temple   | Entered the Ecumenical Temple
  3103 | Temple   | Became a worshipper of Warmaster Okawaru
  4236 | D:5      | Entered Level 5 of the Dungeon
  4254 | D:5      | Reached skill level 6 in Shields
  4330 | D:5      | HP: 1/44 [ogre/+0 giant spiked club (10)]
  4332 | D:5      | Slain by an ogre

Levels and vault maps discovered:
D:1:      minmay_arrival_five_plusses, layout_loops_ring
D:2:      layout_loops_corners, minmay_hexomino_p4
D:3:      layout_basic, portal_sewer_entry_a,
          nicolae_ru_great_annihilating_truth, uniq_grinder
D:4:      layout_cave_pools, minmay_temple_entry_fiery, first_ration,
          ebering_ghost_sewer_f, chequers_serial_rivers_room_a, feat_on_display
D:5:      layout_basic, amethyst_overflow_temple_binary
Temple:   regret_index_temple_chain_breaker

Skill      XL: |  1  2  3  4  5  6  7 |
---------------+----------------------+-----
Long Blades    | 2 3 4 |  4.6
Shields        | 4 5 6 |  6.2
Armour         | 4 |  4.9
Fighting       | 4 |  4.8

Action                   |  1- 3 |  4- 6 |  7- 9 || total
-------------------------+-------+-------+-------++-------
Melee: Long sword        |   131 |   271 |   141 ||   543
  Use: Potion            |       |     1 |     1 ||     2
       Scroll            |       |     4 |     6 ||    10
 Stab: Paralysed         |       |       |     1 ||     1
  Eat: Chunk             |       |     3 |     5 ||     8
       Ration            |       |     1 |       ||     1
Armor: Scale mail        |   105 |   154 |    58 ||   317
Dodge: Dodged            |    49 |    75 |    39 ||   163
Block: Kite shield       |    83 |   155 |    81 ||   319
       Rpst.: Long sword |    12 |    25 |    12 ||    49

Table legend:
 A = Non-vault XP
 B = Vault XP
 C = Vault XP percentage of total XP
 D = Non-vault monster count
 E = Vault monster count
 F = Vault count percentage of total count
                 A         B        C        D         E       F
            +---------+---------+-------+---------+---------+-------
      Total |     675 |     351 |  34.2 |     104 |      19 |  15.4
            +---------+---------+-------+---------+---------+-------
        D:1 |      47 |       0 |   0.0 |      25 |       0 |   0.0
        D:2 |     105 |       5 |   4.5 |      26 |       3 |  10.3
        D:3 |     135 |     346 |  71.9 |      28 |      16 |  36.4
        D:4 |     220 |       0 |   0.0 |      22 |       0 |   0.0
        D:5 |     168 |       0 |   0.0 |       3 |       0 |   0.0
            +---------+---------+-------+---------+---------+-------
